 Dungeon Crawl Stone Soup version 0.19-a0-1466-gf2373cb (webtiles) character file.

677 Espgualade the Skirmisher (level 7, -6/50 HPs)
             Began as an Octopode Ice Elementalist on Sept 7, 2016.
             Was a Believer of Vehumet.
             Mangled by an ogre
             ... wielding a +0 giant spiked club
              (14 damage)
             ... on level 5 of the Dungeon.
             The game lasted 00:18:28 (4777 turns).

Espgualade the Skirmisher (OpIE)                    Turns: 4777, Time: 00:18:28

Health: -6/50      AC:  9    Str:  8    XL:     7   Next: 60%
Magic:  8/11       EV: 15    Int: 19    God:    Vehumet [**....]
Gold:   219        SH:  0    Dex: 12    Spells: 4 memorised, 2 levels left

rFire  . . .     SeeInvis .     e - +1 dagger (vamp)
rCold  . . .     Gourm    .     (no shield)
rNeg   . . .     Faith    .     (helmet restricted)
rPois  .         Spirit   .     (no amulet)
rElec  .         Dismiss  .     p - +3 ring of protection
rCorr  .         Reflect  .     (no ring)
MR     .....     Harm     .     (no ring)
Stlth  ++++......               (no ring)
                                (no ring)
                                (no ring)
                                (no ring)
                                (no ring)

@: icy armour, slow
A: almost no armour, stealthy swim, amphibious, 8 rings, constrict 8, camouflage
1, gelatinous body 1
a: Renounce Religion


You were on level 5 of the Dungeon.
You worshipped Vehumet.
Vehumet was pleased with you.
You were not hungry.

You visited 1 branch of the dungeon, and saw 5 of its levels.

You collected 219 gold pieces.

Inventory:

Hand Weapons
 c - a +0 dagger
 d - a +7 falchion of flaming
 e - a +1 vampiric dagger (weapon)
 o - a cursed -3 whip
 q - a cursed -3 dagger
Missiles
 j - 5 curare-tipped needles
Jewellery
 p - a +3 ring of protection (left tentacle)
Scrolls
 h - 2 scrolls of recharging
 m - 3 scrolls of identify
 r - 2 scrolls of magic mapping
Potions
 f - a potion of curing
 k - a potion of berserk rage
 t - a potion of cure mutation
 u - a potion of degeneration {unknown}
Books
 a - a book of Frost

   Spells                             Type                      Level
   a - Freeze                         Ice                          1
   b - Throw Frost                    Conjuration/Ice              2
   c - Ozocubu's Armour               Charms/Ice                   3
   d - Throw Icicle                   Conjuration/Ice              4
   e - Summon Ice Beast               Ice/Summoning                4
 n - a book of the Sky

   Spells                             Type                      Level
   a - Summon Lightning Spire         Summoning/Air                4
   b - Airstrike                      Air                          4
   c - Silence                        Hexes/Air                    5
   d - Deflect Missiles               Charms/Air                   6
   e - Conjure Ball Lightning         Conjuration/Air              6
   f - Tornado                        Air                          9
Comestibles
 b - 4 bread rations
 g - 3 meat rations
 i - 3 chunks of flesh
 l - a beef jerky
 s - a slice of pizza


   Skills:
 - Level 5.2 Fighting
 + Level 4.5 Dodging
 - Level 5.2 Stealth
 + Level 3.1 Spellcasting
 - Level 1.0 Conjurations
 - Level 3.0 Ice Magic


You had 2 spell levels left.
You knew the following spells:

 Your Spells              Type           Power        Failure   Level  Hunger
a - Freeze                Ice            ##..         6%          1    None
b - Throw Frost           Conj/Ice       ##....       12%         2    ##.....
c - Ozocubu's Armour      Chrm/Ice       #.......     28%         3    ###....
d - Throw Icicle          Conj/Ice       ##......     75%         4    ####...


Dungeon Overview and Level Annotations

Branches:
Dungeon (5/15)             Temple (0/1) D:4

Altars:
Cheibriados
Makhleb
Sif Muna
Vehumet
Xom

Shops:
D:5 =

Annotations:
D:4 Ryco's ghost, amateur TrMo
D:5 Grinder


Innate Abilities, Weirdness & Mutations

You cannot wear most types of armour.
You are very stealthy in the water.
You are amphibious.
You can wear up to eight rings at the same time.
You can use your tentacles to constrict eight enemies at once.
Your skin changes colour to match your surroundings (Stealth+).
Your rubbery body absorbs attacks. (AC +1, EV +1)


Message History

The ogre closely misses you.
Casting: Freeze
Confirm with . or Enter, or press ? or * to list all spells.
Aiming: Freeze
Press: ? - help, Shift-Dir - straight line, f/p - ogre
Aim: an ogre, wielding a giant spiked club (lightly wounded)
You freeze the ogre.
The ogre is moderately wounded.
You hit the ogre.
The ogre is moderately wounded.
The ogre hits you with a giant spiked club!!
Ouch! That really hurt!
* * * LOW HITPOINT WARNING * * *
Casting: Freeze
Confirm with . or Enter, or press ? or * to list all spells.
You don't know that spell.
Okay, then.
Okay, then.
The ogre hits you with a giant spiked club!
You die...

## .# #########.#.# #####
#.o..o.o....# #...#
#O#######.### #...#
#@#....##.# #...#
#.#.....#o#
#...############.#.....#o#
'.....................>#.#
#...############.#####.#..
##### #.# ## # #.# # #.# #
...


You could see an ogre and an orc.

Vanquished Creatures
  An orc warrior (D:3)
  An ogre (D:4)
  A scorpion (D:4)
  A hound (D:4)
  2 orc priests (D:4)
  A gnoll shaman (D:5)
  Terence (D:2)
  An orc wizard (D:3)
  An iguana (D:4)
  A worker ant (D:4)
  Robin (D:2)
  4 gnolls
  A worker ant zombie (D:4)
  4 adders
  A howler monkey skeleton (D:4)
  3 worms
  4 giant geckos
  12 orcs
  14 bats
  5 giant cockroaches
  14 goblins
  14 hobgoblins
  6 jackals
  A quokka (D:2)
  A ball python (D:2)
  A giant gecko zombie (D:5)
  6 giant newts
  A jackal zombie (D:5)
  6 kobolds
  10 rats
120 creatures vanquished.

Notes
Turn   | Place    | Note
-------+----------+-------------------------------------------
     0 | D:1      | Espgualade the Octopode Ice Elementalist began the quest for the Orb.
     0 | D:1      | Reached XP level 1. HP: 11/11 MP: 3/3
    51 | D:1      | Reached skill level 1 in Fighting
    61 | D:1      | Reached XP level 2. HP: 4/18 MP: 0/5
   676 | D:1      | Reached XP level 3. HP: 25/25 MP: 6/6
  1158 | D:1      | Learned a level 2 spell: Throw Frost
  1162 | D:1      | Learned a level 3 spell: Ozocubu's Armour
  1320 | D:2      | Found a burning altar of Makhleb.
  1320 | D:2      | Found a radiant altar of Vehumet.
  1324 | D:2      | Became a worshipper of Vehumet
  1384 | D:2      | Noticed Terence
  1538 | D:2      | Killed Terence
  1538 | D:2      | Reached XP level 4. HP: 23/33 MP: 1/7
  1635 | D:2      | Found a faded altar of an unknown god.
  1655 | D:2      | Noticed Robin
  1708 | D:2      | Killed Robin
  1708 | D:2      | Reached XP level 5. HP: 38/38 MP: 2/8
  1980 | D:2      | Reached * piety under Vehumet
  1980 | D:2      | Offered knowledge of Sandblast by Vehumet.
  2276 | D:3      | Found a burning altar of Makhleb.
  2276 | D:3      | Noticed a balrug
  2279 | D:3      | Noticed a neqoxec
  2279 | D:3      | Noticed a smoke demon
  2331 | D:3      | Found a shimmering altar of Xom.
  2456 | D:3      | Noticed an orc warrior
  2553 | D:3      | Reached skill level 5 in Fighting
  2624 | D:3      | Killed an orc warrior
  2624 | D:3      | Reached XP level 6. HP: 45/45 MP: 0/9
  3248 | D:4      | Reached skill level 5 in Stealth
  3248 | D:4      | Reached XP level 7. HP: 50/50 MP: 2/10
  3280 | D:4      | Noticed Ryco's ghost (amateur TrMo)
  3427 | D:4      | Found a snail-covered altar of Cheibriados.
  3542 | D:4      | Reached ** piety under Vehumet
  3566 | D:4      | Offered knowledge of Magic Dart by Vehumet.
  3622 | D:3      | Learned a level 4 spell: Throw Icicle
  3736 | D:4      | Found a staircase to the Ecumenical Temple.
  4408 | D:5      | Entered Level 5 of the Dungeon
  4479 | D:5      | Noticed Grinder
  4567 | D:5      | Found a deep blue altar of Sif Muna.
  4580 | D:5      | Found Zyvauxt's Jewellery Shoppe.
  4777 | D:5      | Mangled by an ogre

Vault maps used:
D:1:      evilmike_arrival_fibonacci_small, minmay_pentomino_s2
D:2:      gammafunk_temple_overflow_wave, ecumenical_altar_2, uniq_terence,
          uniq_robin
D:3:      xom_teletrap_fun, first_bread, makhleb_altar_promises_db
D:4:      lemuel_crystal_altar
D:5:      led_sif_pool, serial_shops, shop, basic_altar, uniq_grinder

Skill      XL: |  1  2  3  4  5  6  7 |
---------------+----------------------+-----
Fighting       | 1 2 3 4 5 |  5.2
Stealth        | 3 5 |  5.2
Dodging        | 3 4 |  4.5
Spellcasting   | 3 |  3.1
Conjurations   | |  1.0
Ice Magic      | |  3.0

Action                   |  1- 3 |  4- 6 |  7- 9 || total
-------------------------+-------+-------+-------++-------
Melee: Dagger            |    79 |   143 |    67 ||   289
       Constrict         |    19 |    23 |    18 ||    60
       Tentacles         |     9 |    12 |    21 ||    42
 Cast: Freeze            |    15 |    23 |    19 ||    57
       Ozocubu's Armour  |     1 |     2 |     3 ||     6
       Throw Frost       |       |       |     3 ||     3
  Use: Scroll            |     4 |     1 |     5 ||    10
       Potion            |     2 |     2 |     3 ||     7
 Stab: Sleeping          |     8 |    10 |     5 ||    23
       Distracted        |     2 |       |       ||     2
  Eat: Meat ration       |     1 |       |       ||     1
       Chunk             |     1 |     3 |     5 ||     9
       Bread ration      |     1 |       |       ||     1
Armor: Skin              |     1 |    51 |     6 ||    58
Dodge: Dodged            |    55 |    72 |    46 ||   173
